 Dungeon Crawl Stone Soup version 0.29-a0-322-g68df515428 (webtiles) character file.

Game seed: 3634327643446725426

249 Leszczynek the Ducker (level 6, -4/42 HPs)
             Began as a Human Gladiator on Apr 8, 2022.
             Slain by an iguana (12 damage)
             ... on level 8 of the Dungeon.
             The game lasted 00:06:00 (675 turns).

Leszczynek the Ducker (Human Gladiator)              Turns: 675, Time: 00:06:00

Health: -4/42      AC:  6    Str: 14 (16) XL:     6   Next: 35%
Magic:  6/6        EV: 12    Int:  6 (9)  God:
Gold:   57         SH:  0    Dex: 13 (14) Spells: 5/5 levels left

rFire   . . .      SeeInvis .   a - +0 war axe
rCold   . . .      Faith    .   (no shield)
rNeg    . . .      Spirit   .   h - +0 ring mail
rPois   .          Reflect  .   c - +0 helmet
rElec   .          Harm     .   (no cloak)
rCorr   .          Rampage  .   (no gloves)
Will    .....                   (no boots)
Stlth   +.........              (no amulet)
HPRegen 0.94/turn               (no ring)
MPRegen 0.10/turn               (no ring)

@: on berserk cooldown
A: frail 1, regeneration 1
a: no special abilities


You were on level 8 of the Dungeon.
You visited 1 branch of the dungeon, and saw 7 of its levels.

You collected 57 gold pieces.

Inventory:

Hand Weapons
 a - a +0 war axe (weapon)
Missiles
 d - a throwing net (quivered)
Armour
 b - a +0 leather armour
 c - a +0 helmet (worn)
 h - a +0 ring mail (worn)
Scrolls
 f - a scroll of amnesia


   Skills:
 + Level 3.4 Fighting
 + Level 4.1 Axes
 + Level 3.5 Throwing
 + Level 4.2 Dodging


You had 5 spell levels left.
You didn't know any spells.
Your spell library contained the following spells:

 Spells                   Type           Power      Damage    Failure   Level
 Poisonous Vapours        Pois/Air       0%         N/A       83%         2
 Sublimation of Blood     Necr           0%         N/A       83%         2
 Wereblood                Tmut           0%         N/A       83%         2
 Gell's Gravitas          Tloc           0%         N/A       97%         3
 Inner Flame              Hex/Fire       0%         N/A       97%         3
 Teleport Other           Tloc           0%         N/A       97%         3
 Cause Fear               Hex            0%         N/A       100%        4
 Eringya's Noxious Bog    Tmut/Pois      0%         N/A       100%        6
 Summon Hydra             Summ           0%         N/A       100%        7
 Discord                  Hex            0%         N/A       100%        8


Dungeon Overview and Level Annotations

Branches:
Dungeon (8/15)
 Temple: D:4-7         Lair: D:8-11

Altars:
Qazlal
Sif Muna


Innate Abilities, Weirdness & Mutations

You are frail. (-10% HP)
Your natural rate of healing is unusually fast.


Message History

The iguana barely misses you. The howler monkey hits you.
You hear a shout! x2
You climb downwards.
The orc shouts!
The orc wizard shouts!
The orc shouts!
You hear a shout! x4
Something shouts, "Flee, thou mammering spur-galled bladder!"
There is a stone staircase leading up here.
Unknown command.
You aren't carrying any potions.
Unknown command.
The howler monkey attacks as you move away!
The howler monkey hits you. The iguana barely misses you.
Unknown command.
You closely miss the iguana. You closely miss the howler monkey.
The howler monkey hoots and howls with incredible vigour!
The iguana bites you but does no damage.
An orc comes into view. It is wielding a +0 whip.
The howler monkey closely misses you.
You hear a shout! x5
You closely miss the iguana. You hit the howler monkey. The iguana bites you.
The howler monkey hits you.
Unknown command.
You closely miss the howler monkey.
The howler monkey is almost dead.
You hit the iguana.
The iguana bites you but does no damage.
The howler monkey barely misses you. The howler monkey misses you.
The iguana bites you!
* * * LOW HITPOINT WARNING * * *
You hit the orc wizard but do no damage.
You hit the howler monkey. You closely miss the iguana.
The orc wizard barely misses you.
The howler monkey hits you but does no damage.
The iguana barely misses you.
Unknown command.
You slash the orc!
You kill the orc!
You hit the howler monkey.
You kill the howler monkey!
You barely miss the iguana. The iguana bites you!
You die...

#####
#.l@#
#Y<†#
#.oo#
#..o#
#...#
..⌠..
#.....#
##...##
##.##


You could see an ice beast, an iguana, an orc wizard and 2 orcs.

Vanquished Creatures
  A sky beast (D:7)
  A howler monkey (D:8)
  3 hounds
  Terence (D:3)
  2 adders
  2 gnolls
  2 dart slugs (D:1)
  An orc (D:8)
  2 endoplasms
  2 giant cockroaches (D:1)
  A goblin (D:1)
  3 hobgoblins (D:1)
  4 jackals
  3 quokkas
  6 ball pythons
  3 frilled lizards
  3 rats
40 creatures vanquished.

Notes
Turn   | Place    | Note
-------+----------+-------------------------------------------
     0 | D:1      | Leszczynek the Human Gladiator began the quest for the Orb.
     0 | D:1      | Reached XP level 1. HP: 16/16 MP: 1/1
    49 | D:1      | Reached XP level 2. HP: 22/22 MP: 2/2
   120 | D:1      | Got the Collected Works on Toxic Displacement
   176 | D:1      | Reached XP level 3. HP: 23/28 MP: 3/3
   228 | D:2      | Gained mutation: You are frail. (-10% HP) [potion of
                  | mutation]
   228 | D:2      | Gained mutation: Your natural rate of healing is unusually
                  | fast. [potion of mutation]
   232 | D:2      | Reached XP level 4. HP: 13/30 MP: 4/4
   261 | D:2      | Noticed Terence
   277 | D:3      | Killed Terence
   303 | D:3      | Found a shimmering blue altar of Sif Muna.
   325 | D:3      | Found a stormy altar of Qazlal.
   355 | D:4      | Noticed a sky beast
   371 | D:3      | Reached XP level 5. HP: 32/36 MP: 5/5
   442 | D:3      | Reached skill level 3 in Fighting
   442 | D:3      | Reached skill level 3 in Throwing
   533 | D:3      | You fall into a shaft and drop 3 floors!
   589 | D:6      | Noticed a vampire mosquito
   589 | D:6      | Noticed a vampire mosquito
   594 | D:6      | really?
   616 | D:7      | Noticed a sky beast
   620 | D:7      | Noticed a steam dragon
   645 | D:7      | Reached skill level 4 in Dodging
   647 | D:7      | Killed a sky beast
   648 | D:7      | Reached skill level 4 in Axes
   648 | D:7      | Reached XP level 6. HP: 19/42 MP: 6/6
   669 | D:8      | Noticed an ice beast
   673 | D:8      | HP: 6/42 [iguana (11)]
   675 | D:8      | Slain by an iguana

Illustrated notes

##.###.###.###### #>.....#
#.# #..###.# #.# #..# #.#
#.# #..# #.# #.# #..# #.#
#.# ###..###.# #.#
########.
.........###.#####.(......
###.............@h..#
#.########.#####y.## #.#
...# #.....# #.# #.####
#...y.# #.# # #....## #.#
#....# #.# #....# #.#
##...# #.. #...#


Turn 594 on D:6: really?

Levels and vault maps discovered:
D:1:      ebering_trefoil_twist, layout_rooms
D:2:      layout_rooms, uniq_terence
D:3:      layout_loops_ring, grunt_qazlal_clouds, mainiacjoe_overflow_boulevard,
          elyvilon_altar_3, nicolae_grassy_gnolls
D:4:      layout_basic, xom_butterflies
D:6:      layout_loops_ring, slow_altar_2, uniq_sigmund
D:7:      layout_loops_ring, grunt_gozag_statues, mainiacjoe_overflow_alcove_1,
          marbit_many_paths, hangedman_decor_riveting, fountainhead
D:8:      layout_rooms, lemuel_zombie_altar_kikubaaqudgha, grunt_ministairs_14

Skill      XL: |  1  2  3  4  5 |
---------------+----------------+-----
Fighting       | 3 |  3.4
Throwing       | 3 |  3.5
Dodging        | 4 |  4.2
Axes           | 4 |  4.1

Action                   |  1- 3 |  4- 6 || total
-------------------------+-------+-------++-------
Melee: War axe           |    63 |    78 ||   141
Throw: Throwing net      |     3 |     1 ||     4
       Javelin           |       |     1 ||     1
  Use: Potion            |     1 |     3 ||     4
       Scroll            |       |     1 ||     1
Armor: Leather armour    |    20 |     3 ||    23
       Ring mail         |       |    43 ||    43
Dodge: Dodged            |    50 |    79 ||   129

Table legend: (Time is in decaauts)
 A = Elapsed time spent in this place.
 B = Non-inter-level travel time spent in this place.
 C = Inter-level travel time spent in this place.
 D = Time resting spent in this place.
 E = Time spent auto-exploring this place.
 F = Levels seen in this place.
 G = Mean time per level.
                   A        B        C        D        E       F      G
               +--------+--------+--------+--------+--------+-----+--------+
         Total |    720 |    720 |      0 |      0 |      0 |   7 |  102.9 |
       Dungeon |    720 |    720 |      0 |      0 |      0 |   7 |  102.9 |
               +--------+--------+--------+--------+--------+-----+--------+

Top non-repeatable levels by time:
     D:1: 241 daAuts
     D:3: 235 daAuts
     D:6: 81 daAuts
     D:2: 79 daAuts
     D:7: 57 daAuts
     D:4: 19 daAuts
     D:8: 6 daAuts
